 Dungeon Crawl Stone Soup version 0.31.0-10-gcf4a605ca0 (webtiles) character file.

Game seed: 9431156615823595161

381 jorslayerofgods the Firebug (level 6, -7/45 HPs)
             Began as a Draconian Fire Elementalist on Jan 25, 2024.
             Killed by an exploding orc (52 damage)
             ... ignited by their inner flame
             ... on level 4 of the Dungeon.
             The game lasted 00:19:11 (4483 turns).

jorslayerofgods the Firebug (DrFE)                  Turns: 4483, Time: 00:19:12

Health: -7/45      AC:  9    Str: 10    XL:     6   Next: 46%
Magic:  5/12       EV: 12    Int: 17    God:
Gold:   163        SH:  0    Dex: 10    Spells: 7/13 levels left

rFire   . . .        c - +0 spear
rCold   . . .        (no shield)
rNeg    . . .        (body armour unavailable)
rPois   .            (helmet restricted)
rElec   .            j - +0 cloak
rCorr   .            (no gloves)
SInv    .            q - +0 pair of boots
Will    .....        (no amulet)
Stlth   ++           (no ring)
HPRegen 0.27/turn    (no ring)
MPRegen 0.13/turn

%: clarity
@: no status effects
A: AC +6, unfitting armour, cold-blooded, clarity, clumsy 1, passive freeze,
shaggy fur 1
a: no special abilities


You were on level 4 of the Dungeon.
You visited 1 branch of the dungeon, and saw 4 of its levels.

You collected 163 gold pieces.

Inventory:

Hand Weapons
 c - a +0 spear (weapon)
Missiles
 l - 3 poisoned darts
Armour
 e - a +0 chain mail
 f - a +0 robe
 g - a +0 leather armour
 j - a +0 cloak (worn)
 q - a +0 pair of boots (worn)
 t - a +0 helmet
Wands
 r - a wand of polymorph (4)
Scrolls
 b - a scroll of identify
 h - a scroll of butterflies {unknown}
 i - a scroll of blinking {unknown}
 k - a scroll of revelation {unknown}
 m - a scroll of amnesia {unknown}
 n - 3 scrolls of enchant weapon {unknown}
 o - a scroll of torment {unknown}
 p - a scroll of teleportation {unknown}
Potions
 a - a potion of magic
 d - a potion of heal wounds {unknown}
 s - a potion of curing {unknown}


   Skills:
 + Level 0.2 Polearms
 + Level 2.4 Dodging
 + Level 2.2 Stealth
 + Level 4.3 Spellcasting
 + Level 1.5 Conjurations
 + Level 5.2 Fire Magic


You had 7 spell levels left.
You knew the following spells:

 Your Spells              Type           Power      Damage    Failure   Level
a - Foxfire               Conj/Fire      60%        2x1d7     3%          1
b - Scorch                Fire           42%        2d6       2%          2
c - Inner Flame           Hex/Fire       12%        N/A       16%         3

Your spell library contained the following spells:

 Spells                   Type           Power      Damage    Failure   Level
 Volatile Blastmotes      Fire/Tloc      24%        2d12      16%         3
 Flame Wave               Conj/Fire      15%        2d7       36%         4


Dungeon Overview and Level Annotations

Branches:
Dungeon (4/15)
 Temple: D:4-7

Altars:

Shops:
D:2 [

Annotations:
D:4 3 runed translucent doors, Jase's ghost, amateur DrSh; Splishie's ghost, amateur DrSh; Splishie's ghost, novice GnMo; VoidStrider's ghost, amateur TeAE; michknight7's ghost, weakling GnDe


Innate Abilities, Weirdness & Mutations

Your plain brown scales are hard. (AC +6)
You cannot fit into any form of body armour.
You are cold-blooded and may be slowed by cold attacks.
You possess an exceptional clarity of mind.
You are clumsy. (Dex -2)
A frigid envelope surrounds you and freezes all who hurt you.
You are covered in fur. (AC +1)


Message History

You miscast Scorch.
You are very lightly contaminated with residual magic.
Nothing appears to happen.
The goblin hits you with a +0 dagger.
The goblin is very cold.
You kill the goblin!
Your magical contamination has completely faded away.
An orc comes into view. It is wielding a +0 falchion.
Found a stone staircase leading down.
A ball python comes into view.
The orc shouts!
You hear a shout! x2
An orc comes into view.
It is wielding a +0 hand axe. 2 orcs come into view.
The orc moves out of view.
The orc shouts!
Casting: Scorch (safe; 2% risk of failure)
Press: ? - help, Q - select action, (/) - cycle Dir - look around, f - activate Look: a ball python Flames lash the orc.
You kill the orc!
The ball python bites you but does no damage.
The ball python is very cold.
You kill the ball python!
Casting: Scorch (safe; 2% risk of failure)
Confirm with . or Enter, or press ? or * to list all spells.
Aiming: Inner Flame (dangerous; 16% risk of failure)
Press: ? - help, Dir - move target, f - orc
Aim: an orc, wielding a +0 hand axe (chance to affect: 79%)
The orc is filled with an inner flame.
Casting: Scorch (safe; 2% risk of failure)
Press: ? - help, Q - select action, (/) - cycle Dir - look around, f - activate Look: an orc, wielding a +0 hand axe (inner flame) Flames lash the orc.
You kill the orc!
The orc attacks as it pursues you! The orc hits you but does no damage.
The orc attacks as it pursues you! The orc hits you but does no damage.
The orc is very cold.
The orc explodes!
The fiery explosion engulfs you!!!
Ouch! That really hurt!
You die...

#. .# #. ## ###.#
######.#.. ...#
.........####..#
.........##....##########
.........#.....##........
......).##...##..........
...>....)....§#§.........
........##.o.§§@..)......
........###+###§#........
........###.###..########
#######..(..............
......####.####### #...
#..# .... ##.## #
#..#####.# ##.......#


You could see an orc.

Vanquished Creatures
  Grinder (D:3)
  An ice beast (D:4)
  3 adders
  A dart slug (D:1)
  3 orcs (D:4)
  8 endoplasms
  4 giant cockroaches
  9 goblins
  6 hobgoblins
  10 jackals
  2 kobolds
  A quokka (D:3)
  8 ball pythons
  3 bats
  14 frilled lizards
  6 rats
80 creatures vanquished.

Vanquished Creatures (collateral kills)
  A foxfire (D:1)
1 creature vanquished.

Vanquished Creatures (others)
  51 foxfires
51 creatures vanquished.

Grand Total: 132 creatures vanquished

Notes
Turn   | Place    | Note
-------+----------+-------------------------------------------
     0 | D:1      | jorslayerofgods the Draconian Fire Elementalist began the
                  | quest for the Orb.
     0 | D:1      | Reached XP level 1. HP: 14/14 MP: 3/3
    11 | D:1      | Gained mutation: You passively map a small area around you.
                  | [potion of mutation]
    11 | D:1      | Gained mutation: A frigid envelope surrounds you and
                  | freezes all who hurt you. [potion of mutation]
    11 | D:1      | Gained mutation: Your tail ends in a venomous barb. [potion
                  | of mutation]
    11 | D:1      | Gained mutation: You possess an exceptional clarity of
                  | mind. [potion of mutation]
   389 | D:1      | Reached XP level 2. HP: 20/20 MP: 0/5
   861 | D:1      | Reached XP level 3. HP: 26/26 MP: 2/6
  1017 | D:2      | Found Qifameamp's Armour Boutique.
  1360 | D:2      | Learned a level 2 spell: Scorch
  1607 | D:2      | Reached skill level 4 in Fire Magic
  1738 | D:2      | Lost mutation: Your tail ends in a venomous barb. [potion
                  | of mutation]
  1738 | D:2      | Lost mutation: You passively map a small area around you.
                  | [potion of mutation]
  1738 | D:2      | Gained mutation: You are covered in fur. (AC +1) [potion of
                  | mutation]
  1738 | D:2      | Gained mutation: You are clumsy. (Dex -2) [potion of
                  | mutation]
  2049 | D:2      | Reached XP level 4. HP: 33/33 MP: 2/7
  3494 | D:3      | Noticed Grinder
  3503 | D:3      | Paralysed by Grinder for 5 turns
  3513 | D:3      | Paralysed by Grinder for 5 turns
  3522 | D:3      | Paralysed by Grinder for 3 turns
  3543 | D:3      | Paralysed by Grinder for 2 turns
  3547 | D:3      | Paralysed by Grinder for 3 turns
  3560 | D:3      | Paralysed by Grinder for 4 turns
  3569 | D:3      | Killed Grinder
  3570 | D:3      | Reached XP level 5. HP: 21/38 MP: 2/10
  3570 | D:3      | Reached XP level 6. HP: 24/45 MP: 2/11
  4035 | D:3      | Learned a level 3 spell: Inner Flame
  4058 | D:4      | Noticed an ice beast
  4061 | D:4      | Killed an ice beast
  4062 | D:4      | Reached skill level 5 in Fire Magic
  4408 | D:4      | Found a runed translucent gate.
  4408 | D:4      | Found a runed translucent gate.
  4408 | D:4      | Found a runed translucent gate.
  4409 | D:4      | Noticed Splishie's ghost (novice GnMo)
  4409 | D:4      | Noticed VoidStrider's ghost (amateur TeAE)
  4409 | D:4      | Noticed Jase's ghost (amateur DrSh)
  4410 | D:4      | Noticed michknight7's ghost (weakling GnDe)
  4410 | D:4      | Noticed Splishie's ghost (amateur DrSh)
  4483 | D:4      | Killed by an exploding orc... ignited by their inner flame

Illustrated notes

Levels and vault maps discovered:
D:1:      amcnicky_arrival_feature_with_door, layout_basic, minmay_lizard_king
D:2:      minmay_angry_zag, layout_loops_ring, serial_shops, shop,
          serial_bayou_pond_d
D:3:      layout_loops_ring, uniq_grinder
D:4:      layout_basic, mainiacjoe_overflow_surrounded_room,
          gammafunk_ghost_cemetery

Skill      XL: |  1  2  3  4  5  6 |
---------------+-------------------+-----
Dodging        | 2 |  2.4
Stealth        | 2 |  2.2
Fire Magic     | 4 5 |  5.2
Spellcasting   | 3 4 |  4.3
Polearms       | |  0.2
Conjurations   | |  1.5

Action                     |  1- 3 |  4- 6 || total
---------------------------+-------+-------++-------
  Melee: Spear             |    19 |     4 ||    23
         Tailslap          |     1 |     2 ||     3
   Cast: Foxfire           |    45 |       ||    45
         Scorch            |    15 |    40 ||    55
         Inner Flame       |       |     2 ||     2
    Use: Potion            |     3 |       ||     3
         Scroll            |     2 |       ||     2
 Armour: Skin              |    18 |    11 ||    29
  Dodge: Dodged            |    19 |    17 ||    36
